Zazza, neutral female human Tourist #----- ----------- #|...| #..........| #|.<.| ------------ ###|.........| ----- #|...| |..........| ---------- # |.........| |...| #|....######|..........| .........| ### |.........| |...| #|...| #|..........| |..............| # |.........| |....#####...%-######|..........|# #-...............## #..........| |...| # -|--- ---------.--# #-------.-------- ###----------- |...-#### # # # ### # --|-- # ### # # ### # # # # # # ##################f@k############ ## # ### # # -------# # # ##### ###|>....|# # -.--------.---- #-.....-######## # |.............| |.....| -.---.----# |.............| ------- |........|# |.............| |.........# --------------- ---------- Zazza the Rambler Experience level: 2 Strength: 18/05 Dexterity: 13 Constitution: 12 Intelligence: 13 Wisdom: 8 Charisma: 16 Health: 0(12) Energy: 7(7) Def: 0 Gold: 145 Moves: 1229 Dungeon seed: qw1BwMfYExsPFyra Game ID: Zazza_1570378208 Your Inventory: Coins $ - 145 gold pieces Weapons a - 28 +2 darts (in quiver) y - a +0 dagger (weapon in hand) Armor e - an uncursed +0 Hawaiian shirt (being worn) Comestibles b - 3 uncursed tripe rations c - 2 uncursed lembas wafers d - 3 uncursed food rations g - 2 uncursed carrots o - an uncursed pancake v - 2 uncursed tins of goblin meat x - 2 uncursed lichen corpses A - an uncursed slime mold Scrolls i - 3 uncursed scrolls of magic mapping l - an uncursed scroll of gold detection m - a cursed scroll of amnesia q - an uncursed scroll of scare monster w - an uncursed scroll of remove curse z - an uncursed scroll of enchant weapon Potions h - 2 uncursed potions of extra healing p - an uncursed potion of water u - an uncursed potion of enlightenment Rings r - a cursed ring of teleportation named cursed t - an uncursed ring of warning Tools j - an expensive camera (0:73) k - an uncursed credit card s - an uncursed stethoscope B - an uncursed oil lamp (0:1469) Spells and supernatural/magical abilities: Name Level Category Fail Memory W - pray for help -- divine ? -- Your skills at the end: Fighting Skills Weapon Skills dart [Basic] Spellcasting Skills Final Attributes: You were stridently aligned. You are dead. Vanquished creatures: a hobbit a yellow mold a gecko 2 jackals a kobold a goblin 3 grid bugs 3 lichens 8 newts 21 creatures vanquished. Voluntary challenges: You were an atheist. You used a wielded weapon 7 times, starting on turn 998. You read items or engraved 1 time, starting on turn 227. You never genocided any monsters. You never polymorphed an object. You never changed form. You used no wishes. You never split a pudding. You never wrote Elbereth's name. You never violated your personal moral code. Dungeon overview: The Dungeons of Doom: levels 1 to 3 Level 1 a long staircase Level 2 a general store a long staircase Level 3 <- You were here History has recorded: On T:1 you entered the Dungeons of Doom to retrieve the Amulet of Yendor! On T:437 you reached level 2 of The Dungeons of Doom. On T:776 you reached level 3 of The Dungeons of Doom. On T:1146 you advanced to experience level 2. Score breakdown: Gold: 0 ( 0 points) Experience: 2 levels ( 5570 points) Exploration: 3 levels ( 5.88%) ( 6000 points) Discoveries: 0 items ( 0.00%) ( 0 points) Valuables value: (no points given unless you survive) Artifact value: 0 ( 0 points) Variety of kills: 9 monsters ( 2.36%) ( 4610 points) Turncount: 1229 turns ( 0 points) Survival: died (score multiplied by 80%) Total score: 12944 Latest messages: Armand eats a newt corpse. The door opens. This door is locked. That door is closed. (2x) You succeed in picking the lock. The door resists! The door opens. You miss the kobold. The kobold hits! Status of the kobold (chaotic): Level 0 HP 1(1) Def 0. You kill the kobold! You see here a kobold corpse. You displace Armand. You see here a yellow mold corpse. Armand picks up a yellow mold corpse. You miss the large kobold. The large kobold hits! You miss the large kobold. You hit the large kobold. The large kobold hits! You die... Final status: Aloha Zazza the Tourist, killed by a large kobold... You died in The Dungeons of Doom on dungeon level 3 with 12944 points, and 145 pieces of gold, after 1229 moves. You were level 2 with a maximum of 12 hit points when you died.